 Dungeon Crawl Stone Soup version 0.30.1-4-g462c640d31 (webtiles) character file.

Game seed: 14098946469235725372

1149 Zeor the Gusty (level 8, -5/42 (45) HPs)
             Began as a Tengu Air Elementalist on Aug 19, 2023.
             Was a Believer of Okawaru.
             Slain by a hell rat (13 damage)
             ... on level 5 of the Dungeon.
             The game lasted 00:20:56 (5298 turns).

Zeor the Gusty (Tengu Air Elementalist)             Turns: 5298, Time: 00:20:57

HP:   -5/42 (45)    AC:  4    Str: 12    XL:     8   Next: 38%
MP:   2/15          EV: 14    Int: 24    God:    Okawaru [**....]
Gold: 157           SH:  0    Dex: 14    Spells: 6/16 levels left

rFire   . . .        q - +0 rapier
rCold   . . .        (no shield)
rNeg    . . .        e - +1 leather armour
rPois   .            (helmet restricted)
rElec   +            (no cloak)
rCorr   .            (no gloves)
SInv    +            (boots unavailable)
Will    .....        (no amulet)
Stlth   +++          m - ring "Faniydy" {rElec Str+3 Int+6 SInv Stlth+}
HPRegen 0.27/turn    (no ring)
MPRegen 0.14/turn

%: no passive effects
@: flying quickly and evasively, hasted, drained, very quick
A: beak, talons 3, nimble flight
a: Renounce Religion, Heroism


You were on level 5 of the Dungeon.
You worshipped Okawaru.
Okawaru was pleased with you.
You visited 1 branch of the dungeon, and saw 5 of its levels.

You collected 157 gold pieces.

Inventory:

Hand Weapons
 f - a +0 rapier
 q - a +0 rapier (weapon)
Missiles
 h - a throwing net (quivered)
Armour
 e - a +1 leather armour (worn)
Jewellery
 k - an amulet of faith
 m - the ring "Faniydy" (left hand) {rElec Str+3 Int+6 SInv Stlth+}
   (You acquired it on level 3 of the Dungeon)

   [ring of intelligence]

   Str:       It affects your strength (+3).
   Int:       It affects your intelligence (+6).
   rElec:     It insulates you from electricity.
   SInv:      It lets you see invisible.
   Stlth:     It makes you more stealthy.
 p - a ring of protection from fire
Wands
 i - a wand of charming (12)
 j - a wand of flame (26)
Scrolls
 d - 2 scrolls of vulnerability
 g - a scroll of poison
 n - a scroll of magic mapping
Potions
 a - a potion of cancellation
 b - 2 potions of magic
 c - a potion of brilliance


   Skills:
 - Level 2.6 Fighting
 + Level 4.4 Short Blades
 + Level 3.0 Armour
 + Level 2.6 Dodging
 - Level 2.1 Stealth
 + Level 4.5 Spellcasting
 + Level 4.6 Conjurations
 + Level 6.3 Air Magic
 * Level 2.2 Invocations


You had 6 spell levels left.
You knew the following spells:

 Your Spells              Type           Power      Damage    Failure   Level
a - Airstrike             Air            17%        2d(3-19)  9%          4
d - Static Discharge      Conj/Air       62%        2-5/arc   1%          2
f - Swiftness             Air            35%        N/A       2%          3
s - Shock                 Conj/Air       100%       1d9       1%          1

Your spell library contained the following spells:

 Spells                   Type           Power      Damage    Failure   Level
 Dazzling Flash           Conj/Hex       32%        N/A       14%         3
 Volatile Blastmotes      Fire/Tloc      10%        2d10      34%         3
 Iskenderun's Mystic Bla  Conj/Tloc      16%        2d5       41%         4
 Starburst                Conj/Fire      8%         6d4       100%        6


Dungeon Overview and Level Annotations

Branches:
Dungeon (5/15)             Temple (0/1) D:5

Altars:
Elyvilon
Hepliaklqana
Okawaru
Qazlal
Sif Muna
Zin
The Shining One


Innate Abilities, Weirdness & Mutations

You have a beak for a mouth.
You have claws for feet.
Your magical nature lets you fly swiftly and evasively.


Message History

Unknown command.
It was a potion of heal wounds.
You feel much better. The hell rat completely misses you.
Casting: Airstrike (quite dangerous; 9% risk of failure)
Confirm with . or Enter, or press ? or * to list all spells.
The hell rat is struck by an arc of lightning.
The hell rat is severely wounded.
The river rat is struck by an arc of lightning!
The river rat is severely wounded.
The lightning grounds out.
The hell rat twitches its whiskers.
The hell rat closely misses you.
You hit the hell rat but do no damage.
You claw the hell rat, but do no damage.
The hell rat is severely wounded.
The hell rat barely misses you. x2
You hit the hell rat but do no damage. Your kick misses the hell rat.
The hell rat is severely wounded.
The hell rat closely misses you.
You feel yourself speed up. The hell rat closely misses you.
You closely miss the hell rat. Your kick misses the hell rat.
The hell rat is severely wounded.
The hell rat misses you.
You hit the hell rat but do no damage. You claw the hell rat.
The hell rat is almost dead.
The hell rat bites you!
You hit the hell rat but do no damage.
You peck the hell rat, but do no damage.
The hell rat is almost dead.
You barely miss the hell rat. Your peck misses the hell rat.
The hell rat is almost dead.
The hell rat bites you.
* * * LOW HITPOINT WARNING * * *
You barely miss the hell rat.
The hell rat is almost dead.
The hell rat completely misses you.
You closely miss the hell rat. Your kick misses the hell rat.
The hell rat is almost dead.
The hell rat bites you!
You die...

▒∙>▒▒▒▒▒▒∙∙∙∙∙∙∙∙∙▒∙∙∙∙∙∙∙∙∙∙∙∙∙∙
▒▒∙∙∙∙∙∙∙∙)∙∙∙∙∙∙∙∙∙∙∙∙∙∙∙∙∙∙∙∙∙▒
▒▒∙∙∙∙∙∙∙∙∙∙∙▒▒▒▒∙∙∙∙∙∙∙∙∙∙∙∙∙∙∙
▒▒▒▒▒▒▒∙∙∙∙∙∙∙÷▒▒∙∙∙∙∙∙∙∙∙∙∙∙▒▒
▒▒∙∙∙∙∙∙∙▒▒∙∙∙∙∙∙∙∙∙∙∙∙∙∙
▒▒∙∙∙∙∙∙▒∙∙▒∙∙∙∙▒▒∙▒▒▒▒▒
▒▒▒▒▒▒▒▒▒▒▒∙∙∙∙∙∙▒▒▒▒▒▒▒▒▒▒▒∙∙▒∙∙
∙∙∙∙∙∙∙∙∙∙∙∙∙∙∙▒▒▒rrr∙∙∙∙▒ ▒∙∙▒▒∙
∙∙∙∙∙∙∙∙▒▒▒▒▒▒▒▒Qr▒▒∙∙∙▒∙∙ ▒▒∙▒▒∙
∙∙▒▒▒▒▒∙∙∙∙∙▒∙▒∙▒▒▒ ▒▒∙▒ ▒▒∙▒∙
▒▒▒▒▒▒▒▒∙∙∙∙▒▒∙▒▒ ▒▒∙▒▒∙
▒∙∙∙∙∙∙▒▒▒▒∙▒▒▒ ▒∙▒▒▒∙ ▒∙∙∙∙P∙▒
▒▒▒∙∙▒▒ ▒▒∙∙▒▒ ▒P∙>∙∙▒▒ ▒∙▒▒▒∙▒▒
▒▒▒∙▒ ▒∙∙∙∙∙▒ ▒▒∙▒ ▒▒∙▒▒▒▒▒
▒▒▒▒▒▒∙▒▒ ▒∙∙∙P∙▒▒▒∙∙▒
▒▒∙∙▒∙▒▒▒∙▒∙∙∙▒▒▒ ▒∙∙∙∙∙∙∙∙∙∙▒
▒▒▒∙▒∙∙∙▒∙▒▒▒▒∙∙


You could see 2 hell rats and 2 river rats.

Vanquished Creatures
  A water moccasin (D:5)
  An ice beast (D:5)
  An ogre (D:5)
  A phantom (D:5)
  4 scorpions
  2 hounds
  An orc priest (D:5)
  A jelly (D:5)
  2 iguanas (D:5)
  4 hell rats (D:5)
  A gnoll (D:1)
  16 river rats (D:5)
  5 adders
  A dart slug (D:3)
  9 orcs
  5 bats
  3 endoplasms
  2 giant cockroaches (D:2)
  4 goblins
  9 hobgoblins
  5 jackals
  6 kobolds
  4 quokkas
  8 ball pythons
  A frilled lizard (D:3)
  4 rats
101 creatures vanquished.

Notes
Turn   | Place    | Note
-------+----------+-------------------------------------------
     0 | D:1      | Zeor the Tengu Air Elementalist began the quest for the
                  | Orb.
     0 | D:1      | Reached XP level 1. HP: 10/10 MP: 4/4
   250 | D:1      | Reached XP level 2. HP: 15/15 MP: 3/6
   279 | D:1      | Found a faded altar of an unknown god.
   633 | D:1      | Reached XP level 3. HP: 19/19 MP: 2/7
  1066 | D:1      | Learned a level 2 spell: Static Discharge
  1561 | D:2      | Learned a level 3 spell: Swiftness
  1654 | D:2      | Reached XP level 4. HP: 24/24 MP: 6/9
  2619 | D:3      | Reached skill level 1 in Fighting
  2826 | D:3      | Identified a scroll of acquirement
  2826 | D:3      | Acquired the ring "Faniydy" {rElec Str+3 Int+6 SInv Stlth+}
  3078 | D:4      | Reached skill level 1 in Short Blades
  3166 | D:4      | Noticed a scorpion
  3249 | D:4      | Gained mutation: Your magical nature lets you fly swiftly
                  | and evasively. [Tengu growth]
  3249 | D:4      | Reached XP level 5. HP: 17/29 MP: 4/10
  3436 | D:4      | Found a shimmering blue altar of Sif Muna.
  3590 | D:4      | Found a glowing golden altar of the Shining One.
  3590 | D:4      | Found a white marble altar of Elyvilon.
  3590 | D:4      | Found a glowing silver altar of Zin.
  3638 | D:4      | Found an iron altar of Okawaru.
  3698 | D:4      | Reached skill level 5 in Air Magic
  3768 | D:4      | Reached skill level 1 in Armour
  3949 | D:4      | Became a worshipper of Warmaster Okawaru
  3995 | D:5      | Entered Level 5 of the Dungeon
  3995 | D:5      | Noticed a water moccasin
  4006 | D:5      | Reached XP level 6. HP: 21/35 MP: 10/12
  4058 | D:5      | Learned a level 4 spell: Airstrike
  4089 | D:5      | Found a hazy altar of Hepliaklqana.
  4142 | D:5      | Killed a water moccasin
  4142 | D:5      | Reached * piety under Okawaru
  4143 | D:5      | Reached XP level 7. HP: 13/40 MP: 13/13
  4623 | D:5      | Reached skill level 1 in Invocations
  4742 | D:5      | Reached XP level 8. HP: 44/45 MP: 8/15
  4955 | D:5      | Found a staircase to the Ecumenical Temple.
  5012 | D:5      | Reached skill level 6 in Air Magic
  5091 | D:5      | Reached ** piety under Okawaru
  5152 | D:5      | Found a stormy altar of Qazlal.
  5298 | D:5      | Slain by a hell rat

Illustrated notes

Levels and vault maps discovered:
D:1:      mrwooster_arrival_statue_2, layout_basic, basic_ecumenical_altar,
          minmay_nonomino_d4
D:2:      layout_loops_ring, dreamdust_princess_bridge,
          kennysheep_generic_room_12
D:3:      layout_loops_ring
D:4:      layout_cave_pools, dreamdust_divine_triumvirate, lemuel_tele_altar,
          kennysheep_orc_sif_temple
D:5:      wander_guarded_unrand_ratskin, layout_rooms,
          nicolae_qazlal_eye_of_the_storm, mainiacjoe_overflow_chevrons,
          minmay_temple_entry_overgrown

Skill      XL: |  1  2  3  4  5  6  7  8 |
---------------+-------------------------+-----
Conjurations   | 2 3 4 |  4.6
Spellcasting   | 3 4 |  4.5
Fighting       | 1 2 |  2.6
Short Blades   | 1 2 3 4 |  4.4
Air Magic      | 5 6 |  6.3
Armour         | 1 2 3 |  3.0
Invocations    | 1 2 |  2.2
Dodging        | |  2.6
Stealth        | |  2.1

Action                     |  1- 3 |  4- 6 |  7- 9 || total
---------------------------+-------+-------+-------++-------
  Melee: Unarmed           |     3 |       |       ||     3
         Peck              |     2 |     5 |    15 ||    22
         Short sword       |     4 |    19 |       ||    23
         Dagger            |     3 |       |       ||     3
         Kick              |     2 |    14 |    22 ||    38
         Rapier            |       |    38 |    65 ||   103
         Punch             |       |     2 |     2 ||     4
   Cast: Shock             |    58 |    50 |    22 ||   130
         Static Discharge  |     2 |     9 |     8 ||    19
         Airstrike         |       |       |    12 ||    12
    Use: Scroll            |     8 |     3 |     1 ||    12
         Potion            |       |     3 |     4 ||     7
   Stab: Sleeping          |       |     5 |     1 ||     6
         Invisible         |       |     3 |       ||     3
 Armour: Robe              |     2 |       |       ||     2
         Leather armour    |     3 |    14 |     2 ||    19
  Dodge: Dodged            |    11 |    39 |    41 ||    91
